 Dungeon Crawl Stone Soup version 0.27.0-65-ge2af304b15 (webtiles) character file.

Game seed: 3799802599776410132

95 Gwenloh the Skirmisher (level 4, 0/37 HPs)
             Began as a Formicid Abyssal Knight on Aug 19, 2021.
             Was a Believer of Lugonu.
             Killed from afar by an orc wizard (4 damage)
             ... with a magic dart
             ... on level 2 of the Dungeon.
             The game lasted 00:08:19 (2540 turns).

Gwenloh the Skirmisher (Formicid Abyssal Knight)    Turns: 2540, Time: 00:08:20

Health: 0/37       AC:  5    Str: 16    XL:     4   Next: 95%
Magic:  5/6        EV: 11    Int: 12    God:    Lugonu [**....]
Gold:   51         SH:  0    Dex: 11    Spells: 3/3 levels left

rFire    . . .     SeeInvis +   a - +1 hand axe
rCold    . . .     Faith    .   (no shield)
rNeg     . . .     Spirit   .   j - +0 ring mail
rPois    .         Reflect  .   (helmet unavailable)
rElec    .         Harm     .   (no cloak)
rCorr    .         Rampage  .   (no gloves)
Will     .....                  (no boots)
Stlth    +.........             (no amulet)
HPRegen  0.12/turn              (no ring)
MPRegen  0.10/turn              (no ring)

@: no status effects
A: permanent stasis, dig shafts and tunnels, antennae 3, four strong arms
a: Dig, Shaft Self, Renounce Religion, Depart the Abyss, Bend Space


You were on level 2 of the Dungeon.
You worshipped Lugonu.
Lugonu was pleased with you.
You visited 1 branch of the dungeon, and saw 4 of its levels.
You visited the Abyss 1 time.

You collected 51 gold pieces.

Inventory:

Hand Weapons
 a - a +1 hand axe (weapon)
Missiles
 c - 54 stones
 e - 7 boomerangs (quivered)
Armour
 b - a +0 leather armour
 j - a +0 ring mail (worn)
Jewellery
 g - a ring of willpower
Scrolls
 f - 2 scrolls of identify {unknown}
 h - a scroll of vulnerability {unknown}
 i - a scroll of silence {unknown}
Potions
 d - a potion of brilliance {unknown}


   Skills:
 + Level 4.1 Fighting
 + Level 2.6 Axes
 + Level 3.0 Armour
 + Level 1.6 Dodging
 + Level 3.0 Invocations


You had 3 spell levels left.
You didn't know any spells.
Your spell library contained the following spells:

 Spells                   Type           Power      Damage    Failure   Level
 Animate Skeleton         Necr           0%         N/A       52%         1
 Magic Dart               Conj           0%         1d3       52%         1
 Pain                     Necr           0%         1d4       52%         1
 Call Imp                 Summ           0%         N/A       67%         2
 Slow                     Hex            0%         N/A       67%         2
 Confusing Touch          Hex            0%         N/A       88%         3
 Mephitic Cloud           Conj/Pois/Air  0%         N/A       88%         3
 Vampiric Draining        Necr           0%         2d6       88%         3


Dungeon Overview and Level Annotations

Branches:
Dungeon (4/15)
 Temple: D:4-7

Altars:

Shops:
D:1 !


Innate Abilities, Weirdness & Mutations

You cannot be hasted, slowed, berserked, paralysed or teleported.
You can dig through walls and to a lower floor.
You have a pair of large antennae on your head. (SInv)
Your four strong arms can wield two-handed weapons with a shield.


Message History

You hit the orc wizard.
The orc wizard is moderately wounded.
You feel very sick. The orc wizard closely misses you.
You closely miss the orc wizard.
The orc wizard is moderately wounded.
You feel sick.
The orc wizard hits you with a +0 dagger of venom.
You barely miss the orc wizard.
The orc wizard is moderately wounded.
You feel sick.
The orc wizard hits you with a +0 dagger of venom.
You are more poisoned.
You hit the orc wizard but do no damage.
The orc wizard is moderately wounded.
You feel very sick. The orc wizard casts a spell at you.
The magic dart hits you!
You are too injured to fight recklessly!
You barely miss the orc wizard.
The orc wizard is moderately wounded.
You feel sick.
The orc wizard points at you and mumbles some strange words.
The puff of flame hits you. The orc wizard casts a spell at you.
You resist with some effort.
You fail to use your ability.
You feel sick.
The orc wizard hits you but does no damage.
Space bends around you!
You blink.
You feel sick.
You feel sick.
You feel sick.
The orc wizard casts a spell.
The orc wizard flickers and vanishes for a moment.
You feel sick.
You feel sick.
You feel sick.
You are no longer poisoned.
The orc wizard gestures at you while chanting.
The magic dart hits you.
You die...

###..#..## #####....#......#.###
##..###..## #.....#.#######.#.#..
#..##.##..###.##.##.#######.#.#.#
..##.#.##..##.##..............†..
.##.#.#.##...................>#.#
##.#.#.#.##.................###.#
#.#.###.#.##.....#...o...........
.#.##{##.#.##....................
#.## ##.#.##..@#.###...........
.## ##.#.###.#......#######.. ##
##.#.##....#...# #.. #{
##.#.##.#.#...# #.. #
##)#.#...#...#######.. .#
##.#....#...#.......# #.#
##.....#..##.####... )#.#
##.#..#......#..... #.#.#
####.##.###.#.#...


You could see an orc wizard (invisible).

Vanquished Creatures
  A hound (D:4)
  2 adders
  4 dart slugs
  A ball python (D:1)
  3 bats
  2 endoplasms
  5 giant cockroaches
  2 goblins (D:2)
  4 hobgoblins
  3 jackals (D:2)
  5 kobolds
  A quokka (D:2)
  3 frilled lizards
  3 rats
39 creatures vanquished.

Notes
Turn   | Place    | Note
-------+----------+-------------------------------------------
     0 | Abyss:1  | Gwenloh the Formicid Abyssal Knight began the quest for the
                  | Orb.
     0 | Abyss:1  | Reached XP level 1. HP: 18/18 MP: 2/2
    64 | D:1      | Escaped the Abyss
   480 | D:1      | Reached XP level 2. HP: 25/25 MP: 3/3
   544 | D:1      | Reached skill level 1 in Dodging
   774 | D:1      | Found Seidociv's Distillery.
   780 | D:1      | Reached XP level 3. HP: 29/30 MP: 4/4
  1190 | D:2      | Reached ** piety under Lugonu
  1979 | D:1      | You fall into a shaft and drop 1 floor!
  2002 | D:2      | Reached skill level 4 in Fighting
  2002 | D:2      | Reached XP level 4. HP: 21/37 MP: 6/6
  2195 | D:2      | Noticed a scorpion
  2203 | D:2      | You fall into a shaft and drop 2 floors!
  2540 | D:2      | Killed from afar by an orc wizard

Illustrated notes

Levels and vault maps discovered:
D:1:      dpeg_arrival_court, layout_basic, serial_shops, shop
D:2:      minmay_inner_zag, layout_basic
D:3:      layout_basic, nemelex_dance_club_becter, cheibrodos_sewer_entry_bend,
          hangedman_decor_clover_reticule
D:4:      layout_loops_corners, minmay_distorted, uniq_menkaure

Skill      XL: |  1  2  3  4 |
---------------+-------------+-----
Dodging        | 1 |  1.6
Fighting       | 4 |  4.1
Armour         | 3 |  3.0
Invocations    | 3 |  3.0
Axes           | |  2.6

Action                   |  1- 3 |  4- 6 || total
-------------------------+-------+-------++-------
Melee: Hand axe          |   119 |    34 ||   153
Throw: Stone             |    64 |     3 ||    67
       Boomerang         |       |     3 ||     3
Invok: Bend Space        |       |     3 ||     3
 Abil: Dig               |     7 |     1 ||     8
       Shaft Self        |     1 |     1 ||     2
Armor: Leather armour    |    38 |       ||    38
       Ring mail         |     3 |    17 ||    20
Dodge: Dodged            |    87 |    33 ||   120
